 Dungeon Crawl Stone Soup version 0.28.0-53-g5a82cb258f (webtiles) character file.

Game seed: 14259829462498424095

131 fuccboisucc420 the Covered (level 4, -12/35 HPs)
             Began as a Demonspawn Abyssal Knight on July 20, 2022.
             Was a Believer of Lugonu.
             Killed by an exploding endoplasm (43 damage)
             ... ignited by their inner flame
             ... on level 3 of the Dungeon.
             The game lasted 00:10:51 (2909 turns).

fuccboisucc420 the Covered (DsAK)                   Turns: 2909, Time: 00:10:52

Health: -12/35     AC: 13    Str: 15    XL:     4   Next: 91%
Magic:  5/5        EV:  7    Int: 11    God:    Lugonu [**....]
Gold:   118        SH:  0    Dex: 14    Spells: 3/3 levels left

rFire   . . .      SeeInvis .   a - +2 mace (freeze)
rCold   . . .      Faith    .   (no shield)
rNeg    . . .      Spirit   .   c - +1 chain mail
rPois   .          Reflect  .   d - +0 helmet
rElec   .          Harm     .   (no cloak)
rCorr   .          Rampage  .   (no gloves)
Will    +....                   (no boots)
Stlth   ..........              (no amulet)
HPRegen 1.11/turn               f - ring of willpower
MPRegen 0.09/turn               (no ring)

@: no status effects
A: icy blue scales 1, powered by death 1
a: Renounce Religion, Depart the Abyss, Bend Space


You were on level 3 of the Dungeon.
You worshipped Lugonu.
Lugonu was pleased with you.
You visited 1 branch of the dungeon, and saw 3 of its levels.
You visited the Abyss 1 time.

You collected 118 gold pieces.

Inventory:

Hand Weapons
 a - a +2 mace of freezing (weapon)
 i - a +1 dagger of speed
Missiles
 g - 67 stones (quivered)
Armour
 c - a +1 chain mail (worn)
 d - a +0 helmet (worn)
Jewellery
 f - a ring of willpower (left hand)
Scrolls
 b - a scroll of fog {unknown}
 j - 2 scrolls of fear
Potions
 e - a potion of invisibility {unknown}
 h - a potion of berserk rage {unknown}


   Skills:
 - Level 3.0 Fighting
 + Level 3.3 Maces & Flails
 + Level 0.1 Throwing
 + Level 3.4 Armour
 + Level 1.3 Dodging
 - Level 2.4 Invocations


You had 3 spell levels left.
You didn't know any spells.
Your spell library contained the following spells:

 Spells                   Type           Power      Damage    Failure   Level
 Magic Dart               Conj           0%         1d3       100%        1
 Call Imp                 Summ           0%         N/A       100%        2
 Mephitic Cloud           Conj/Pois/Air  0%         N/A       100%        3


Dungeon Overview and Level Annotations

Branches:
Dungeon (3/15)

Altars:

Annotations:
D:2 1 runed translucent door, Crazy Yiuf


Innate Abilities, Weirdness & Mutations

You are partially covered in icy blue scales. (AC +2)
You regenerate a little health from kills.


Message History

There is a stone staircase leading down here.
There is an open door here.
Things that are here:
a scroll of immolation; a +0 leather armour
Okay, then.
k - a scroll of immolation You open the door.
Found a scroll of fear.
There is an open door here.
j - 2 scrolls of fear (gained 1) As you open the door, it creaks loudly!
There is an open door here.
Found a scroll labelled OSIASO ZAVALECHA.
b - a scroll labelled OSIASO ZAVALECHA
Things that are here:
a +0 club; a +0 ring mail You now have 118 gold pieces (gained 10).
Found a stone staircase leading up.
Found a stone staircase leading down.
There is a stone staircase leading down here.
e - a green potion
Found 15 bolts.
An endoplasm comes into view.
The endoplasm quivers.
You hit the endoplasm. You freeze the endoplasm.
The endoplasm is heavily wounded.
The endoplasm closely misses you.
Really read the scroll of immolation?
Uppercase [Y]es or [N]o only, please.
Really read the scroll of immolation?
As you read the scroll of immolation, it crumbles to dust.
The creatures around you are filled with an inner flame!
The endoplasm freezes you.
You are frozen.
You hit the endoplasm. You freeze the endoplasm. Lugonu accepts your kill.
The endoplasm explodes!
The fiery explosion engulfs you!!!
Ouch! That really hurt!
You die...

#.................#
.....######.#.##.##
#.##.######.#.##.##
..................#
#.##..#####.#.##.##
..............##.#
.................#
..##..####..#..#.#
#.# ........#..#@#
#.# ..###..#..#§#
..# #..#...§# .....
.. #..#.# #.##. ..
...#.# # #..#.# #.
#.# # #.#


There were no monsters in sight!

Vanquished Creatures
  An orc wizard (D:3)
  Robin (D:2)
  2 adders (D:2)
  A worm (D:3)
  A dart slug (D:2)
  11 orcs (D:3)
  5 endoplasms
  2 giant cockroaches (D:2)
  12 goblins
  5 hobgoblins
  3 jackals (D:1)
  4 kobolds (D:2)
  A quokka (D:1)
  4 ball pythons
  3 bats
  3 frilled lizards
  7 rats
66 creatures vanquished.

Vanquished Creatures (others)
  A plant (D:1)
1 creature vanquished.

Grand Total: 67 creatures vanquished

Notes
Turn   | Place    | Note
-------+----------+-------------------------------------------
     0 | Abyss:1  | fuccboisucc420 the Demonspawn Abyssal Knight began the
                  | quest for the Orb.
     0 | Abyss:1  | Reached XP level 1. HP: 18/18 MP: 2/2
     0 | D:1      | Escaped the Abyss
   430 | D:1      | Reached skill level 1 in Dodging
   456 | D:1      | Reached * piety under Lugonu
   457 | D:1      | Gained mutation: You are partially covered in icy blue
                  | scales. (AC +2) [demonic ancestry]
   457 | D:1      | Reached XP level 2. HP: 14/24 MP: 3/3
  1612 | D:2      | Gained mutation: You regenerate a little health from kills.
                  | [demonic ancestry]
  1612 | D:2      | Reached XP level 3. HP: 21/29 MP: 4/4
  1785 | D:2      | Noticed Robin
  1842 | D:2      | Killed Robin
  1842 | D:2      | Reached ** piety under Lugonu
  1846 | D:2      | Reached XP level 4. HP: 28/35 MP: 5/5
  2083 | D:2      | Found a runed translucent door.
  2084 | D:2      | Noticed Crazy Yiuf
  2337 | D:3      | Found a faded altar of an unknown god.
  2909 | D:3      | Killed by an exploding endoplasm... ignited by their inner
                  | flame

Illustrated notes

Levels and vault maps discovered:
D:1:      kilobyte_arrival_exit_the_forest, layout_loops_ring
D:2:      layout_rooms, minmay_octomino_e4, uniq_crazy_yiuf_cottage, uniq_robin
D:3:      layout_basic, ebering_ecumenical_altar_rust

Skill      XL: |  1  2  3  4 |
---------------+-------------+-----
Armour         | 2 3 |  3.4
Dodging        | 1 |  1.3
Maces & Flails | 2 3 |  3.3
Fighting       | |  3.0
Throwing       | |  0.1
Invocations    | |  2.4

Action                   |  1- 3 |  4- 6 || total
-------------------------+-------+-------++-------
Melee: Mace              |   127 |    88 ||   215
       Punch             |       |     2 ||     2
Throw: Stone             |     6 |     4 ||    10
Invok: Depart the Abyss  |     1 |       ||     1
  Use: Scroll            |     1 |     6 ||     7
       Potion            |     6 |       ||     6
Armor: Chain mail        |   128 |    63 ||   191
Dodge: Dodged            |    58 |    28 ||    86
